 Dungeon Crawl Stone Soup version 0.31-a0-1074-g0b22e4e0f1 (webtiles) character file.

Game seed: 11174875911605455691

17945 lunkers the Black Belt (level 13, 0/111 HPs)
             Began as a Meteoran Shapeshifter on Dec 4, 2023.
             Was a Follower of Ru.
             Shot with a bolt by a yaktaur captain (22 damage)
             ... on level 13 of the Dungeon on Dec 7, 2023.
             The game lasted 00:21:33 (5450 turns).

lunkers the Black Belt (Meteoran Shapeshifter)      Turns: 5450, Time: 00:21:34

Health: 0/111      AC: 15    Str: 19    XL:     13   Next: 19%
Magic:  0/14       EV: 17    Int: 13    God:    Ru [*.....]
Gold:   413        SH:  7    Dex: 17    Spells: 12/12 levels left

rFire   . .          .
                       - Unarmed
rCold   + . .        a - +3 warlock's mirror {omnireflect}
rNeg    . . .        k - +1 leather armour of the Sturgeon {*Slow rElec Regen+ rCorr}
rPois   .            x - +0 helmet
rElec   +            o - +2 cloak
rCorr   +            F - +0 pair of gloves
SInv    .            f - +1 pair of boots {Fly}
Will    +....        e - amulet of Wyke Efe {Spirit rElec rF+ Str+2 Int+2} Stlth
                     v - ring of ice
HPRegen 1.18/turn    G - +4 ring of protection
MPRegen 0.14/turn

%: slow self (1%), reflection, guardian spirit
@: mighty, flying, glowing
A: dopey 1, sense surroundings 2, no stealth, otherworldly, glowing, explore
regen
a: Renounce Religion


You were on level 13 of the Dungeon.
You worshipped Ru.
Ru was aware of your devotion.
You visited 2 branches of the dungeon, and saw 14 of its levels.

You collected 413 gold pieces.

Inventory:

Missiles
 K - 4 throwing nets
Armour
 a - the +3 warlock's mirror (worn) {omnireflect}
   (You acquired it on level 9 of the Dungeon)

   Omnireflect: It can block and reflect piercing ranged attacks and magical
   attacks against the wielder's willpower.
 f - a +1 pair of boots of flying (worn)
 k - the +1 leather armour of the Sturgeon (worn) {*Slow rElec Regen+ rCorr}
   (You found it on level 2 of the Dungeon)

   rElec:     It insulates you from electricity.
   Regen+:    It increases your rate of health regeneration.
   rCorr:     It protects you from acid and corrosion.
   *Slow:     It may slow you when you take damage.
 o - a +2 cloak (worn)
 x - a +0 helmet (worn)
 F - a +0 pair of gloves (worn)
Jewellery
 e - the amulet of Wyke Efe (around neck) {Spirit rElec rF+ Str+2 Int+2}
   (You acquired it on level 1 of the Dungeon)

   [amulet of guardian spirit]

   Spirit:    It causes incoming damage to be divided between your reserves of
   health and magic.
   Str+2:     It affects your strength (+2).
   Int+2:     It affects your intelligence (+2).
   rF+:       It protects you from fire.
   rElec:     It insulates you from electricity.
 s - a ring of see invisible
 v - a ring of ice (left hand)
 y - an amulet of the acrobat
 E - an amulet of guardian spirit
 G - a +4 ring of protection (right hand)
 H - an amulet of regeneration
Talismans
 c - a beast talisman
 d - a flux talisman
 I - a serpent talisman
Wands
 g - a wand of charming (4)
 D - a wand of flame (21)
Scrolls
 b - 3 scrolls of poison
 h - a scroll of enchant weapon
 q - 4 scrolls of teleportation
 u - a scroll of immolation
 w - a scroll of fear
Potions
 i - a potion of enlightenment
 j - 2 potions of ambrosia
 l - a potion of mutation {unknown}
 n - 2 potions of magic
 t - a potion of invisibility
 z - 6 potions of curing
 A - 3 potions of attraction
 C - a potion of haste {unknown}
 J - a potion of lignification
 L - a potion of resistance {unknown}
 M - a potion of brilliance {unknown}
Miscellaneous
 B - a sack of spiders


   Skills:
 + Level 9.5 Fighting
 + Level 9.7 Dodging
 + Level 16.8 Unarmed Combat
 - Level 9.8 Shapeshifting


You had 12 spell levels left.
You didn't know any spells.
Your spell library contained the following spells:

 Spells                   Type           Power      Damage    Failure   Level
 Ensorcelled Hibernation  Hex/Ice        0%         N/A       58%         2
 Jinxbite                 Hex            0%         N/A       58%         2
 Ozocubu's Armour         Ice            0%         N/A       82%         3
 Volatile Blastmotes      Fire/Tloc      0%         2d10      82%         3
 Anguish                  Hex/Necr       0%         N/A       99%         4
 Fulminant Prism          Conj/Hex       0%         3d5       99%         4
 Iskenderun's Mystic Bla  Conj/Tloc      0%         2d3       99%         4
 Ozocubu's Refrigeration  Ice            0%         4d7       100%        7


Dungeon Overview and Level Annotations

Branches:
Dungeon (13/15) Zot: 2546  Temple (1/1) D:7 Zot: 571     Orc (0/2) D:10
   Lair: D:8-11      Vaults: D:13-14

Altars:
Ashenzari
Cheibriados
Elyvilon
Fedhas
Gozag
Hepliaklqana
Kikubaaqudgha
Makhleb
Nemelex Xobeh
Qazlal
Ru
Sif Muna
Uskayaw
Vehumet
Wu Jian
Xom
Yredelemnul
Zin
The Shining One

Shops:
D:1 =   D:3 (

Annotations:
D:10 3 runed translucent doors, hgbash's ghost, journeyman TrFi
Temple 2 transporters


Innate Abilities, Weirdness & Mutations

You are dopey. (Int -2)
You passively map the area around you.
You cannot be stealthy.
You are easily found by Zot.
You glow in the dark.
You regain HP and MP as you explore.


Message History

Okay, then.
Okay, then.
Okay, then.
Okay, then.
Okay, then.
Okay, then.
Okay, then.
You feel very mighty all of a sudden. The slime creature misses you.
You block the large slime creature's attack.
A slime creature comes into view.
The slime creature hits you! The slime creature hits you.
Unknown command.
You pummel the large slime creature!!
The large slime creature is almost dead.
You hear a shout!
The slime creature hits you!
* * * LOW HITPOINT WARNING * * *
The large slime creature hits you!!
* * * LOW HITPOINT WARNING * * *
A yaktaur comes into view.
The slime creature hits you!
* * * LOW MAGIC WARNING * * *
* * * LOW HITPOINT WARNING * * *
You pummel the large slime creature!!
You kill the large slime creature!
The slime creature closely misses you. You block the slime creature's attack.
A yaktaur captain comes into view.
You barely miss the slime creature.
The slime creature is moderately wounded.
The slime creature hits you but does no damage.
You block the slime creature's attack.
Unknown command.
You pummel the slime creature!!
The slime creature is almost dead.
The slime creature closely misses you.
The yaktaur captain wields a +0 arbalest.
The yaktaur captain shoots a bolt.
The bolt hits you!!
* * * LOW MAGIC WARNING * * *
You die...

............##.....
, , ,
.................#
, *
...########..###.#*
, * ...# #..###[#*
* ** ,* ...#
#......# ...#
##.########### * ,
...# #.# #........
, ...#
#.###J#####... ...#
#...J@........, ,,
#.## #####J##c.#c#.
, #.# #J# .... ,
,,, ..### #.# #.##*
....######### #..
#∩ .##.........#
### *, , * *
###########.# *
###########.# * , ,
..#......##.# , , *


You could see a yaktaur captain, 4 slime creatures and a yaktaur.

Vanquished Creatures
  Josephine (D:10)
  Harold (D:11)
  Fannar (D:10)
  A death knight (D:13)
  A two-headed ogre (D:10)
  A boulder beetle (D:13)
  Urug (D:11)
  Nergalle (D:11)
  A phantasmal warrior (D:13)
  2 cyclopes
  An ugly thing (D:12)
  An elephant (D:9)
  2 gargoyles
  A freezing wraith (D:13)
  2 kobold demonologists
  A komodo dragon (D:9)
  2 trolls
  A hornet (D:8)
  A hornet (shapeshifter) (D:13)
  4 slime creatures
  8 wraiths
  20 yaks
  A steam dragon (D:7)
  4 vampire mosquitoes (D:9)
  An acid dragon (D:13)
  5 orc warriors
  An ogre (D:10)
  3 centaurs
  A kobold brigand (D:7)
  2 bullfrogs (D:7)
  2 scorpions (D:9)
  12 killer bees
  7 howler monkeys
  3 jellies
  9 orc priests
  3 hounds
  A gnoll bouda (D:6)
  Terence (D:3)
  2 iguanas
  18 orc wizards
  15 gnolls
  3 adders
  A shadow imp (D:7)
  2 ufetubi (D:7)
  A worm (D:2)
  3 dart slugs
  46 orcs
  5 endoplasms
  A giant cockroach (D:1)
  2 goblins (D:1)
  4 hobgoblins
  3 jackals (D:2)
  3 quokkas
  4 ball pythons
  4 bats
  A frilled lizard (D:1)
  9 kobolds
  3 rats
241 creatures vanquished.

Notes
Turn   | Place    | Note
-------+----------+-------------------------------------------
     0 | D:1      | lunkers the Meteoran Shapeshifter began the quest for the
                  | Orb.
     0 | D:1      | Reached XP level 1. HP: 16/16 MP: 2/2
    33 | D:1      | Identified a scroll of acquirement
    33 | D:1      | Acquired the amulet of Wyke Efe {Spirit rElec rF+ Str+2
                  | Int+2}
    78 | D:1      | Reached skill level 4 in Unarmed Combat
    78 | D:1      | Reached XP level 2. HP: 20/23 MP: 3/3
    90 | D:1      | Found Heh Neas's Jewellery Shoppe.
   249 | D:1      | Reached XP level 3. HP: 25/28 MP: 4/4
   469 | D:2      | Reached XP level 4. HP: 35/35 MP: 5/5
   513 | D:2      | Identified the +1 leather armour of the Sturgeon {*Slow
                  | rElec Regen+ rCorr}
   523 | D:2      | Reached skill level 5 in Unarmed Combat
   596 | D:3      | Noticed Terence
   611 | D:3      | Killed Terence
   777 | D:3      | Reached XP level 5. HP: 40/40 MP: 4/6
   899 | D:3      | Found Nanyzxapn's Weapon Boutique.
  1022 | D:4      | Reached skill level 6 in Unarmed Combat
  1041 | D:4      | Reached XP level 6. HP: 37/47 MP: 7/7
  1230 | D:5      | Entered Level 5 of the Dungeon
  1256 | D:5      | Reached skill level 5 in Shapeshifting
  1391 | D:6      | Reached skill level 7 in Unarmed Combat
  1430 | D:6      | Reached XP level 7. HP: 43/52 MP: 8/8
  1635 | D:6      | Reached skill level 8 in Unarmed Combat
  1978 | D:7      | Reached XP level 8. HP: 34/59 MP: 6/9
  2024 | D:7      | Reached skill level 9 in Unarmed Combat
  2164 | D:7      | Found a staircase to the Ecumenical Temple.
  2206 | Temple   | Found a transporter.
  2206 | Temple   | Found a transporter.
  2206 | Temple   | Found a transporter.
  2206 | Temple   | Found a transporter.
  2206 | Temple   | Entered the Ecumenical Temple
  2222 | Temple   | Became a worshipper of Ru the Awakened
  2374 | D:7      | Noticed a steam dragon
  2381 | D:7      | Killed a steam dragon
  2382 | D:7      | Reached skill level 10 in Unarmed Combat
  2382 | D:7      | Gained mutation: You passively map the area around you.
                  | [Meteoran growth]
  2382 | D:7      | Reached XP level 9. HP: 64/64 MP: 10/10
  2752 | D:8      | Noticed a hornet
  2760 | D:8      | Paralysed by a hornet for 3 turns
  2763 | D:8      | Killed a hornet
  2801 | D:8      | Reached skill level 11 in Unarmed Combat
  3166 | D:9      | Gained mutation: You cannot be stealthy. [Ru sacrifice]
  3348 | D:9      | Noticed a komodo dragon
  3380 | D:9      | Reached skill level 12 in Unarmed Combat
  3387 | D:9      | Killed a komodo dragon
  3388 | D:9      | Reached XP level 10. HP: 67/71 MP: 9/11
  3421 | D:9      | Noticed an elephant
  3445 | D:9      | Killed an elephant
  3446 | D:9      | Reached skill level 13 in Unarmed Combat
  3524 | D:9      | Noticed a kobold demonologist
  3531 | D:9      | Killed a kobold demonologist
  3645 | D:9      | Reached skill level 14 in Unarmed Combat
  3725 | D:9      | Found a blossoming altar of Fedhas.
  3767 | D:9      | Acquired the +3 warlock's mirror {omnireflect}
  3767 | D:9      | Found the +3 warlock's mirror {omnireflect}
  3791 | D:10     | Entered Level 10 of the Dungeon
  3793 | D:10     | Noticed Josephine
  3818 | D:10     | Killed Josephine
  3819 | D:10     | Reached XP level 11. HP: 82/82 MP: 9/12
  3838 | D:10     | Found a runed translucent gate.
  3838 | D:10     | Found a runed translucent gate.
  3838 | D:10     | Found a runed translucent gate.
  3840 | D:10     | Noticed hgbash's ghost (journeyman TrFi)
  3912 | D:10     | Noticed a two-headed ogre
  3925 | D:10     | Killed a two-headed ogre
  3926 | D:10     | Reached skill level 5 in Dodging
  3967 | D:10     | Reached skill level 5 in Fighting
  3968 | D:10     | Found a staircase to the Orcish Mines.
  4048 | D:10     | Reached skill level 15 in Unarmed Combat
  4213 | D:10     | Noticed a cyclops
  4216 | D:10     | Noticed Fannar
  4226 | D:10     | Killed a cyclops
  4302 | D:10     | Found a burning altar of Makhleb.
  4399 | D:10     | Killed Fannar
  4415 | D:11     | Noticed a cyclops
  4426 | D:11     | Noticed Harold
  4435 | D:11     | Reached XP level 12. HP: 93/97 MP: 13/13
  4486 | D:11     | Killed Harold
  4580 | D:11     | Noticed Urug
  4597 | D:11     | Killed Urug
  4676 | D:11     | Reached skill level 16 in Unarmed Combat
  4686 | D:11     | Noticed Nergalle
  4699 | D:11     | Killed Nergalle
  5249 | D:13     | Noticed a death knight
  5250 | D:13     | Noticed a phantasmal warrior
  5260 | D:13     | Gained mutation: You are dopey. (Int -2) [Ru sacrifice]
  5260 | D:13     | Reached * piety under Ru
  5264 | D:13     | Killed a phantasmal warrior
  5269 | D:13     | Reached XP level 13. HP: 74/111 MP: 5/14
  5269 | D:13     | Noticed a boulder beetle
  5280 | D:13     | Killed a death knight
  5283 | D:13     | HP: 4/111 [wraith[a death knight] (10)]
  5314 | D:13     | Killed a boulder beetle
  5448 | D:13     | Noticed a yaktaur captain
  5450 | D:13     | Shot with a bolt by a yaktaur captain

Illustrated notes

Levels and vault maps discovered:
D:1:      minmay_arrival_semitransparent, layout_basic, serial_shops, shop
D:2:      layout_basic, serial_park_tiny_1
D:3:      layout_rooms, serial_shops, nicolae_shop_bloodbath_and_beyond,
          uniq_ijyb, uniq_terence
D:4:      layout_rooms
D:5:      black_bear_nest_1, layout_gridville, nicolae_overflow_crystal_walls,
          okawaru_gym_becter, serial_rivers, chequers_serial_rivers_small_3,
          chequers_serial_rivers_room_a, chequers_serial_rivers_room_b,
          chequers_serial_rivers_micro_c, uniq_crazy_yiuf_cottage
D:6:      layout_loops_cross, nicolae_dithmenos_through_a_glass_darkly,
          ebering_ghost_disaster_area, nicolae_underground_beach
D:7:      layout_loops_cross, minmay_temple_entry_enclosed_plants
D:8:      layout_loops_corners
D:9:      layout_basic, lemuel_crystal_altar, grunt_lair_entry_orc_guard_hut,
          serial_rivers, chequers_serial_rivers_micro_d,
          chequers_serial_rivers_room_a, chequers_serial_rivers_room_a,
          chequers_serial_rivers_marsh, chequers_serial_rivers_small_b,
          kennysheep_potato
D:10:     layout_big_octagon, bloody_makhleb, erik_orc_3,
          gammafunk_ghost_nasty_kobolds, uniq_fannar, uniq_josephine
D:11:     minmay_octagon_keep, layout_cave_pools, uniq_nergalle, uniq_harold,
          uniq_urug
D:12:     layout_cave_pools
D:13:     layout_loops_cross, david_vaults_2, uniq_erolcha
Temple:   hellmonk_temple_divided_pantheon

Skill      XL: |  1  2  3  4  5  6  7  8  9 10 11 12 |
---------------+-------------------------------------+-----
Unarmed Combat | 4 5 6 7 8 10 12 14 15 16 | 16.8
Shapeshifting  | 4 5 6 7 8 9 |  9.8
Fighting       | 3 6 9 |  9.5
Dodging        | 3 7 9 |  9.7

Action                     |  1- 3 |  4- 6 |  7- 9 | 10-12 | 13-15 || total
---------------------------+-------+-------+-------+-------+-------++-------
  Melee: Unarmed           |    53 |    97 |   280 |   519 |    59 ||  1008
         Punch             |     1 |     1 |       |       |       ||     2
 Invoke: Sacrifice Stealth |       |       |     1 |       |       ||     1
         Sacrifice Purity  |       |       |       |     1 |       ||     1
  Evoke: Wand              |       |       |       |     1 |       ||     1
    Use: Scroll            |     1 |     7 |     7 |     6 |       ||    21
         Potion            |       |     1 |       |     2 |     3 ||     6
 Armour: Animal skin       |    12 |       |       |       |       ||    12
         Plate armour      |    18 |     2 |       |       |       ||    20
         Skin              |       |     6 |       |    23 |       ||    29
         Leather armour    |       |    36 |   215 |   242 |    31 ||   524
  Dodge: Dodged            |    21 |    35 |   201 |   237 |    32 ||   526
  Block: Buckler           |       |       |       |   124 |    13 ||   137
         Reflection        |       |       |       |     8 |     1 ||     9
   Form: Flux              |       |     1 |       |     1 |       ||     2
                           |       |       |       |     1 |       ||     1
         Anaconda          |       |       |       |     1 |       ||     1

Table legend: (Time is in decaauts)
 A = Elapsed time spent in this place.
 B = Non-inter-level travel time spent in this place.
 C = Inter-level travel time spent in this place.
 D = Time resting spent in this place.
 E = Time spent auto-exploring this place.
 F = Levels seen in this place.
 G = Mean time per level.
                   A        B        C        D        E       F      G
               +--------+--------+--------+--------+--------+-----+--------+
         Total |   5281 |   5124 |    157 |    227 |   3108 |  14 |  377.2 |
       Dungeon |   5252 |   5095 |    157 |    227 |   3108 |  13 |  404.0 |
        Temple |     28 |     28 |      0 |      0 |      0 |   1 |   28.0 |
               +--------+--------+--------+--------+--------+-----+--------+

Top non-repeatable levels by time:
     D:8: 701 daAuts
     D:6: 612 daAuts
     D:9: 590 daAuts
    D:10: 583 daAuts
     D:7: 486 daAuts
     D:3: 447 daAuts
    D:13: 403 daAuts
     D:1: 390 daAuts
    D:11: 314 daAuts
    D:12: 270 daAuts
     D:4: 218 daAuts
     D:2: 162 daAuts
     D:5: 72 daAuts
  Temple: 28 daAuts
